 Dungeon Crawl Stone Soup version 0.20-a0-957-g47ad1fd (webtiles) character file.

1123 shinino the Cleaver (level 8, -2/70 HPs)
             Began as a Minotaur Berserker on Apr 5, 2017.
             Was a Believer of Trog.
             Splashed by a jelly's acid (8 damage)
             ... on level 5 of the Dungeon.
             The game lasted 00:08:33 (3842 turns).

shinino the Cleaver (Minotaur Berserker)            Turns: 3842, Time: 00:08:34

Health: -2/70      AC: -3    Str: 22    XL:     8   Next: 13%
Magic:  7/7        EV:  7    Int:  4    God:    Trog [**....]
Gold:   155        SH:  2    Dex: 15    Spells: 7/7 levels left

rFire    . . .     SeeInvis .   a - +0 hand axe
rCold    . . .     Gourm    .   (no shield)
rNeg     . . .     Faith    .   i - +0 plate armour
rPois    .         Spirit   .   (helmet restricted)
rElec    .         Reflect  +   (no cloak)
rCorr    .         Harm     .   (no gloves)
MR       .....                  (no boots)
Stlth    ..........             o - +2 amulet of reflection
Regen    0.3/turn               d - +3 ring of dexterity
MPRegen  0.1/turn               h - ring of stealth

@: corroded
A: retaliatory headbutt, horns 2
a: Berserk, Trog's Hand, Burn Spellbooks, Renounce Religion


You were on level 5 of the Dungeon.
You worshipped Trog.
Trog was pleased with you.
You were not hungry.

You visited 1 branch of the dungeon, and saw 5 of its levels.

You collected 155 gold pieces.

Inventory:

Hand Weapons
 a - a +0 hand axe (weapon)
Armour
 i - a +0 plate armour (worn)
Jewellery
 d - a +3 ring of dexterity (left hand)
 h - a ring of stealth (right hand)
 o - a +2 amulet of reflection (around neck)
Scrolls
 e - 5 scrolls of remove curse
 g - 2 scrolls of enchant weapon {unknown}
 k - a scroll of fog {unknown}
 m - 2 scrolls of magic mapping {unknown}
 n - a scroll of random uselessness {unknown}
 r - 2 scrolls of teleportation {unknown}
 s - 2 scrolls of recharging
 t - a scroll of enchant armour {unknown}
 u - a scroll of blinking {unknown}
 y - 2 scrolls of fear {unknown}
 D - a scroll of identify {unknown}
Potions
 b - 2 potions of flight {unknown}
 j - 8 potions of curing {unknown}
 l - 2 potions of might {unknown}
 p - 2 potions of resistance {unknown}
 q - 3 potions of agility {unknown}
 v - a potion of ambrosia {unknown}
 x - a potion of heal wounds {unknown}
 A - a potion of cancellation {unknown}
 B - a potion of mutation {unknown}
Comestibles
 c - 5 bread rations
 f - 7 fruits
 w - a chunk of flesh
 z - a meat ration
 C - a royal jelly


   Skills:
 + Level 6.3 Fighting
 + Level 9.5 Axes
 + Level 5.7 Armour
 - Level 2.1 Dodging


You had 7 spell levels left.
You didn't know any spells.

Dungeon Overview and Level Annotations

Branches:
Dungeon (5/15)
 Temple: D:4-7

Altars:
Ashenzari
Makhleb


Innate Abilities, Weirdness & Mutations

You reflexively headbutt those who attack you in melee.
You have a pair of horns on your head.


Message History

You are too injured to fight recklessly!
You are too injured to fight recklessly!
You are too injured to fight recklessly!
You hit the jelly.
Your hands burn!
The jelly is almost dead.
The jelly hits you but does no damage.
Some of the chunks of flesh in your inventory have rotted away.
You hit the jelly. The acid corrodes you!
Your hands burn!
The jelly is almost dead.
The jelly hits you. The acid corrodes you!
You are splashed with acid!
The acid burns!
* * * LOW HITPOINT WARNING * * *
You hit the jelly but do no damage.
Your hands burn!
* * * LOW HITPOINT WARNING * * *
You headbutt the jelly, but do no damage.
The jelly is almost dead.
The jelly hits you.
* * * LOW HITPOINT WARNING * * *
You are splashed with acid!
The acid burns!
You die...

............................#
.........>.............>.....
.......................#####
.......##.....<..............
...####...##.####.#.........#
.#.#.......#....#...).......#
.# +.......####.#.(.........#
####............#(..........#
....#...#.......@...........#
###.....#......J.............
###........................
...........................
...................###....#
....##+##..........# ....
....# ............ .. ....#
#.##......#... ...... .
......


You could see a jelly.

Vanquished Creatures
  The ghost of case the Grave Robber, an amateur HuNe (D:4)
  Grinder (D:3)
  A sky beast (D:4)
  A centaur (D:5)
  A scorpion (D:4)
  The ghost of Strat the Ruffian, a weakling TrWz (D:3)
  2 howler monkeys
  2 hounds (D:4)
  An orc priest (D:4)
  An orc wizard (D:4)
  3 worker ants
  A hound skeleton (D:5)
  7 gnolls (D:3)
  5 adders
  2 adder skeletons (D:4)
  4 worms
  2 dart slugs
  A leopard gecko (D:3)
  4 orcs
  6 bats
  5 giant cockroaches
  9 goblins
  5 hobgoblins
  12 jackals
  A quokka (D:4)
  3 ball pythons
  6 frilled lizards
  5 kobolds
  2 rats (D:3)
95 creatures vanquished.

Notes
Turn   | Place    | Note
-------+----------+-------------------------------------------
     0 | D:1      | shinino the Minotaur Berserker began the quest for the Orb.
     0 | D:1      | Reached XP level 1. HP: 19/19 MP: 0/0
     9 | D:1      | Reached skill level 4 in Axes
    50 | D:1      | Reached XP level 2. HP: 17/26 MP: 1/1
   938 | D:1      | Reached skill level 5 in Axes
  1005 | D:1      | Reached XP level 3. HP: 31/31 MP: 2/2
  1131 | D:2      | Reached ** piety under Trog
  1656 | D:3      | Reached XP level 4. HP: 39/39 MP: 3/3
  1783 | D:3      | Noticed Grinder
  1794 | D:3      | Killed Grinder
  1794 | D:3      | Reached skill level 8 in Axes
  1794 | D:3      | Reached XP level 5. HP: 45/45 MP: 4/4
  1874 | D:3      | Reached XP level 6. HP: 51/51 MP: 5/5
  1876 | D:3      | Noticed Strat's ghost (weakling TrWz)
  1935 | D:3      | Killed Strat's ghost
  2089 | D:3      | Found a burning altar of Makhleb.
  2561 | D:4      | Found a shattered altar of Ashenzari.
  2605 | D:4      | Noticed case's ghost (amateur HuNe)
  2614 | D:4      | Killed case's ghost
  2614 | D:4      | Reached skill level 5 in Fighting
  2614 | D:4      | Reached XP level 7. HP: 61/61 MP: 6/6
  2815 | D:4      | Reached skill level 9 in Axes
  3373 | D:4      | Reached skill level 5 in Armour
  3608 | D:5      | Entered Level 5 of the Dungeon
  3710 | D:5      | Reached XP level 8. HP: 63/70 MP: 7/7
  3842 | D:5      | Splashed by a jelly's acid

Vault maps used:
D:1:      minmay_arrival_up_and_down, minmay_ruptured
D:2:      first_bread, kennysheep_boxes
D:3:      kennysheep_six_static_rooms, bloody_makhleb, uniq_grinder
D:4:      nicolae_ashenzari_panopticon

Skill      XL: |  1  2  3  4  5  6  7 |
---------------+----------------------+-----
Axes           | 4 5 8 9 |  9.5
Fighting       | 5 6 |  6.3
Armour         | 4 5 |  5.7
Dodging        | |  2.1

Action                   |  1- 3 |  4- 6 |  7- 9 || total
-------------------------+-------+-------+-------++-------
Melee: Hand axe          |    82 |   100 |   100 ||   282
       Headbutt          |    15 |    31 |    26 ||    72
Invok: Trog's Hand       |       |     4 |     1 ||     5
       Berserk           |       |     2 |       ||     2
  Use: Scroll            |       |     1 |     1 ||     2
  Eat: Chunk             |     2 |     5 |     6 ||    13
Armor: Animal skin       |     5 |       |       ||     5
       Plate armour      |    30 |    47 |    51 ||   128
Dodge: Dodged            |    33 |    26 |    23 ||    82
Block: Other             |       |     6 |     4 ||    10
       Reflection        |       |     1 |       ||     1
